 Dungeon Crawl Stone Soup version 0.31-a0-210-gccc998df9b (webtiles) character file.

Game seed: 10555653267791497336

184 qw the Chopper (level 5, -10/32 HPs)
             Began as a Gargoyle Fighter on June 29, 2023.
             Mangled by an ogre
             ... wielding a +0 giant club
              (17 damage)
             ... on level 4 of the Dungeon.
             The game lasted 00:01:12 (2297 turns).

qw the Chopper (Gargoyle Fighter)                   Turns: 2297, Time: 00:01:13

Health: -10/32     AC: 13    Str: 21    XL:     5   Next: 63%
Magic:  5/5        EV:  7    Int:  9    God:
Gold:   150        SH:  4    Dex:  9    Spells: 4/4 levels left

rFire   x . .        Y - +1 war axe
rCold   . . .        k - +0 buckler of Cafuqu {rF- Will+ Slay+2 SInv}
rNeg    + . .        e - +0 chain mail
rPois   inf          (no helmet)
rElec   +            (no cloak)
rCorr   .            (no gloves)
SInv    +            (no boots)
Will    .....        l - amulet of faith Stlth
                     (no ring)
HPRegen 0.25/turn    (no ring)
MPRegen 0.09/turn

%: faith
@: weak-willed
A: sickness immunity, AC +4, negative energy resistance 1, electricity
resistance, torment resistance 1, petrification resistance
a: no special abilities


You were on level 4 of the Dungeon.
You visited 1 branch of the dungeon, and saw 4 of its levels.

You collected 150 gold pieces.


Innate Abilities, Weirdness & Mutations

You are immune to sickness and miasma.
Your stone body is resilient. (AC +4)
You are immune to poison.
You resist negative energy. (rN+)
You are resistant to electric shocks. (rElec)
You are resistant to unholy torment.
You are immune to petrification.


   Skills:
 - Level 3.2 Fighting
 + Level 4.9 Axes
 - Level 1.2 Throwing
 - Level 3.2 Armour
 - Level 3.2 Shields


You had 4 spell levels left.
You didn't know any spells.
Your spell library was empty.

Inventory:

Hand Weapons
 f - a +0 mace
 Y - a +1 war axe (weapon)
Missiles
 a - a javelin (quivered)
Armour
 c - a +0 buckler
 e - a +0 chain mail (worn)
 k - the +0 buckler of Cafuqu (worn) {rF- Will+ Slay+2 SInv}
   (You found it on level 3 of the Dungeon)

   Slay:      It affects your accuracy & damage with ranged weapons and melee
   (+2).
   rF:        It makes you vulnerable to fire.
   SInv:      It lets you see invisible.
   Will:      It increases your willpower.
Jewellery
 j - an amulet of the acrobat
 l - an amulet of faith (around neck)
Scrolls
 p - a scroll of teleportation
Potions
 d - a potion of might
 g - a potion of enlightenment
 h - 3 potions of curing
 i - a potion of haste {unknown}
 m - a potion of degeneration {unknown}

Dungeon Overview and Level Annotations

Branches:
Dungeon (4/15)
 Temple: D:4-7

Altars:


Message History

l - an amulet of faith (around neck) Done exploring.
2266 ||| READING scroll labelled LOAN GOKLEMUDGH.
As you read the scroll labelled LOAN GOKLEMUDGH, it crumbles to dust.
The air around you briefly surges with heat, but it dissipates.
It was a scroll of immolation.
Done exploring.
2267 ||| READING scroll labelled KAHOMA LEPHERGH.
As you read the scroll labelled KAHOMA LEPHERGH, it crumbles to dust.
Magic quickly surges around you.
It was a scroll of vulnerability.
Done exploring.
2268 ||| READING scroll labelled OSHROA DANUO.
As you read the scroll labelled OSHROA DANUO, it crumbles to dust.
It is a scroll of enchant weapon.
Your +0 war axe glows red for a moment.
Done exploring.
(D) Dungeon
Where to? (* - list waypoints, Enter - D:3, ? - help)
What level of the Dungeon? (default 1, ? - help)
There is a stone staircase leading down here.
You climb downwards.
You hear the sound of rushing water.
There is an entrance to a sewer on this level.
Hurry and find it before the portal rusts away!
The ogre shouts!
Found 13 gold pieces.
There is a stone staircase leading up here.
An ogre is nearby!
Waypoint 3 assigned to D:4.
2294 ||| PLANNING SEWER You throw a javelin.
The javelin pierces through the ogre but does no damage.
You throw a javelin. The javelin pierces through the ogre.
The ogre is lightly wounded.
You barely miss the ogre.
The ogre is lightly wounded.
The ogre hits you with a +0 giant club!!
Ouch! That really hurt!
2297 ||| STAIRDANCE The ogre hits you with a +0 giant club!
Ouch! That really hurt!
You die...

.. .. #. #.
##.##
##...##
...#.....##
.......@..#
.......O...#
......$....#
...........#
#.#.......##
. #......##
..#...##
.#.###(#


You could see an ogre.

Vanquished Creatures
  Terence (D:3)
  3 gnolls (D:3)
  6 adders
  A worm (D:2)
  6 dart slugs
  An orc (D:3)
  10 bats
  3 endoplasms
  3 giant cockroaches
  8 goblins
  4 hobgoblins
  2 quokkas
  5 ball pythons
  4 frilled lizards
  3 kobolds
  6 rats
66 creatures vanquished.

Notes
Turn   | Place    | Note
-------+----------+-------------------------------------------
     0 | D:1      | qw the Gargoyle Fighter began the quest for the Orb.
     0 | D:1      | Reached XP level 1. HP: 14/14 MP: 1/1
     0 | D:1      | 0 ||| qw: Version: 0.3-a-24-ga2abf7b
     0 | D:1      | 0 ||| qw: Game counter: 6847
     0 | D:1      | 0 ||| qw: Melee chars always use a shield: true
     0 | D:1      | 0 ||| qw: God list: Okawaru
     0 | D:1      | 0 ||| qw: Allow faded altars: false
     0 | D:1      | 0 ||| qw: Do Orc after clearing Dungeon:15 true
     0 | D:1      | 0 ||| qw: Do second Lair branch before Depths: true
     0 | D:1      | 0 ||| qw: Lair rune preference: random
     0 | D:1      | 0 ||| qw: Goals: Normal, Zot:1-4, Slime:5, God:TSO, Crypt,
                  | Tomb, Abyss, Pan, Hells, Win
     0 | D:1      | 0 ||| PLANNING D:1-11
    19 | D:1      | Reached skill level 2 in Axes
    77 | D:1      | Reached XP level 2. HP: 19/19 MP: 2/2
   192 | D:1      | 192 ||| Stepping ~*~*~tactically~*~*~ (hiding).
   409 | D:1      | 409 ||| Stepping ~*~*~tactically~*~*~ (stealth).
   454 | D:1      | 454 ||| Stepping ~*~*~tactically~*~*~ (hiding).
   463 | D:1      | Reached skill level 3 in Axes
   702 | D:1      | Reached XP level 3. HP: 23/23 MP: 3/3
   797 | D:1      | 797 ||| UPGRADING to +0 chain mail.
   807 | D:1      | 807 ||| DROPPING +0 scale mail.
   808 | D:1      | 808 ||| UPGRADING to amulet of the acrobat.
   813 | D:1      | 813 ||| READING scroll labelled YRAUBAHIOPS.
   814 | D:1      | 814 ||| DRINKING 2 glowing ruby potions.
   941 | D:2      | Reached skill level 1 in Throwing
  1029 | D:2      | Reached XP level 4. HP: 28/28 MP: 4/4
  1087 | D:2      | 1087 ||| Stepping ~*~*~tactically~*~*~ (stealth).
  1090 | D:2      | 1090 ||| Stepping ~*~*~tactically~*~*~ (hiding).
  1094 | D:2      | 1094 ||| Stepping ~*~*~tactically~*~*~ (hiding).
  1105 | D:2      | 1105 ||| Stepping ~*~*~tactically~*~*~ (stealth).
  1108 | D:2      | 1108 ||| Stepping ~*~*~tactically~*~*~ (stealth).
  1144 | D:2      | 1144 ||| Stepping ~*~*~tactically~*~*~ (stealth).
  1330 | D:2      | 1330 ||| Stepping ~*~*~tactically~*~*~ (stealth).
  1397 | D:2      | Reached skill level 4 in Axes
  1443 | D:2      | 1443 ||| READING scroll labelled YWUITA ORIADIE.
  1448 | D:2      | 1448 ||| READING scroll labelled UMUNUXYCUNE.
  1541 | D:3      | Identified the +0 buckler of Cafuqu {rF- Will+ Slay+2 SInv}
  1558 | D:3      | Identified the staff "Veciuzoi" {*Corrode Will++ Dex+2 SInv
                  | Conj}
  1558 | D:3      | Noticed Terence
  1573 | D:3      | Killed Terence
  1574 | D:3      | Reached XP level 5. HP: 21/32 MP: 5/5
  1722 | D:3      | HP: 8/32 [gnoll/+0 spear (2)]
  2246 | D:3      | 2246 ||| UPGRADING to +0 buckler of Cafuqu {rF- Will+
                  | Slay+2 SInv}.
  2256 | D:3      | 2256 ||| UPGRADING to amulet of faith.
  2266 | D:3      | 2266 ||| READING scroll labelled LOAN GOKLEMUDGH.
  2267 | D:3      | 2267 ||| READING scroll labelled KAHOMA LEPHERGH.
  2268 | D:3      | 2268 ||| READING scroll labelled OSHROA DANUO.
  2293 | D:4      | Noticed an ogre
  2294 | D:4      | 2294 ||| PLANNING SEWER
  2296 | D:4      | HP: 7/32 [ogre/+0 giant club (25)]
  2297 | D:4      | 2297 ||| STAIRDANCE
  2297 | D:4      | Mangled by an ogre

Levels and vault maps discovered:
D:1:      ebering_hopf_link, layout_loops_ring, chequers_serial_rivers_small_a,
          serial_bayou_pond_c
D:2:      layout_rooms, chequers_mini_garden, minmay_fractal_squares_5
D:3:      layout_basic, uniq_terence
D:4:      layout_loops_ring, nemelex_diamond_rough_becter,
          minmay_temple_entry_waves, lightli_sewer_entry_pipes, minivault_5,
          kennysheep_doodads, skrybe_limestone_x

Skill      XL: |  1  2  3  4 |
---------------+-------------+-----
Axes           | 2 3 4 |  4.9
Throwing       | 1 |  1.2
Fighting       | |  3.2
Armour         | |  3.2
Shields        | |  3.2

Action                     |  1- 3 |  4- 6 || total
---------------------------+-------+-------++-------
  Melee: War axe           |    94 |    98 ||   192
  Throw: Javelin           |    12 |    31 ||    43
    Use: Scroll            |     1 |     5 ||     6
         Potion            |     1 |       ||     1
 Armour: Scale mail        |    25 |       ||    25
         Chain mail        |    29 |    73 ||   102
  Dodge: Dodged            |    33 |    58 ||    91
  Block: Buckler           |    17 |    20 ||    37

Table legend:
 A = Non-vault XP
 B = Vault XP
 C = Vault XP percentage of total XP
 D = Non-vault monster count
 E = Vault monster count
 F = Vault count percentage of total count
                 A         B        C        D         E       F
            +---------+---------+-------+---------+---------+-------
      Total |     218 |      45 |  17.1 |      61 |       5 |   7.6
            +---------+---------+-------+---------+---------+-------
        D:1 |      36 |       0 |   0.0 |      19 |       0 |   0.0
        D:2 |      88 |      13 |  12.9 |      27 |       4 |  12.9
        D:3 |      94 |      32 |  25.4 |      15 |       1 |   6.2
            +---------+---------+-------+---------+---------+-------
